 Dungeon Crawl Stone Soup version 0.31-a0-931-g7b59d4eb97 (webtiles) character file.

Game seed: 17567178374407658179

47196 promet the Thaumaturge (level 14, -7/108 HPs)
             Began as a Gnoll Air Elementalist on Oct 18, 2023.
             Was a High Priest of Vehumet.
             Mangled by an ogre
             ... wielding a +0 giant spiked club
              (15 damage)
             ... while petrified by Jorgrun
             ... on level 2 of the Orcish Mines on Oct 20, 2023.
             The game lasted 03:49:12 (38729 turns).

promet the Thaumaturge (Gnoll Air Elementalist)    Turns: 38729, Time: 03:49:12

Health: -7/108     AC: 11    Str: 16    XL:     14   Next: 40%
Magic:  24/28      EV:  2    Int: 17    God:    Vehumet [*****.]
Gold:   1594       SH:  0    Dex: 22    Spells: 0/34 levels left

rFire   . . .        b - +11 longbow "promet's Peril" {elec, rC+ rN+ Dex+3}
rCold   + . .        (shield currently unavailable)
rNeg    + + +        d - +2 leather armour {rN+}
rPois   ∞            t - +0 helmet
rElec   .            h - +0 cloak
rCorr   .            (no gloves)
SInv    .            k - +1 pair of boots
Will    +....        r - amulet of reflection
Stlth   +++++        N - +6 ring of strength
HPRegen 0.38/turn    m - +6 ring of dexterity
MPRegen 0.21/turn

%: reflection
@: petrified
A: fangs 1, strong nose, distributed training
a: Renounce Religion


You were on level 2 of the Orcish Mines.
You worshipped Vehumet.
Vehumet was extremely pleased with you.
You visited 4 branches of the dungeon, and saw 19 of its levels.
You also visited: Ossuary.

You collected 2044 gold pieces.
You spent 450 gold pieces at shops.

Inventory:

Hand Weapons
 a - a +4 heavy morningstar
 b - the +11 longbow "promet's Peril" (weapon) {elec, rC+ rN+ Dex+3}
   (You bought it in a shop on level 9 of the Dungeon)

   Dex+3:     It affects your dexterity (+3).
   rC+:       It protects you from cold.
   rN+:       It protects you from negative energy.
 c - a +0 short sword of draining
 i - a +3 demon blade of venom
 j - a +2 demon trident of venom
 G - a +4 long sword
 H - a +0 battleaxe
 I - a +1 antimagic spear
 M - a +1 vampiric halberd
 O - a +1 heavy spear
Missiles
 n - 32 poisoned darts (quivered)
 w - 18 boomerangs
 E - 65 stones
Armour
 d - a +2 leather armour of positive energy (worn)
 f - a scarf of invisibility
 h - a +0 cloak (worn)
 k - a +1 pair of boots (worn)
 t - a +0 helmet (worn)
Jewellery
 m - a +6 ring of dexterity (right hand)
 q - an amulet of the acrobat
 r - an amulet of reflection (around neck)
 C - a ring of wizardry
 J - a ring of willpower
 K - a ring of poison resistance
 N - a +6 ring of strength (left hand)
 T - a +5 ring of evasion
Wands
 g - a wand of flame (14)
 u - a wand of polymorph (7)
 y - a wand of roots (13)
 Y - a wand of charming (11)
 Z - a wand of mindburst (11)
Scrolls
 v - a scroll of fog
 B - 8 scrolls of teleportation
 F - 2 scrolls of silence
 P - 2 scrolls of revelation
 S - 7 scrolls of identify
 W - a scroll of poison
 X - a scroll of fear
Potions
 e - 2 potions of cancellation
 l - 3 potions of magic
 o - 2 potions of invisibility
 p - 7 potions of enlightenment
 s - a potion of resistance
 z - 2 potions of haste
 A - 5 potions of lignification
 D - 3 potions of heal wounds
 L - 3 potions of attraction
 Q - 4 potions of might
 R - 3 potions of brilliance
 U - 5 potions of curing
Miscellaneous
 x - a condenser vane (inert)
 V - a lightning rod (4/4)


   Skills:
 + Level 9.3 Fighting
 + Level 9.3 Short Blades
 + Level 9.3 Long Blades
 + Level 9.3 Axes
 + Level 9.3 Maces & Flails
 + Level 9.3 Polearms
 + Level 9.3 Staves
 + Level 9.3 Ranged Weapons
 + Level 9.3 Throwing
 + Level 9.3 Armour
 + Level 10.4 Dodging
 + Level 10.3 Stealth
 + Level 9.3 Shields
 + Level 9.3 Unarmed Combat
 + Level 10.6 Spellcasting
 + Level 8.1 Conjurations
 + Level 7.8 Hexes
 + Level 7.8 Summonings
 + Level 7.8 Necromancy
 + Level 7.8 Translocations
 + Level 7.8 Transmutations
 + Level 7.8 Fire Magic
 + Level 7.8 Ice Magic
 + Level 9.6 Air Magic
 + Level 7.8 Earth Magic
 + Level 7.8 Poison Magic
 + Level 10.2 Invocations
 + Level 9.3 Evocations
 + Level 8.5 Shapeshifting


You couldn't memorise any spells.
You knew the following spells:

 Your Spells              Type           Power      Damage    Failure   Level
a - Shock                 Conj/Air       100%       1d9       1%          1
b - Static Discharge      Conj/Air       78%        2-6/arc   1%          2
c - Swiftness             Air            41%        N/A       1%          3
d - Airstrike             Air            20%        2d(3-19)  1%          4
e - Ignite Poison         Fire/Tmut/Pois 35%        N/A       1%          3
f - Teleport Other        Tloc           35%        N/A       1%          3
g - Sticky Flame          Conj/Fire      36%        2d6       1%          4
h - Hailstorm             Conj/Ice       36%        3d9       1%          3
i - Arcjolt               Conj/Air       19%        1d29      1%          5
j - Conjure Ball Lightni  Conj/Air       19%        3x3d6     11%         6

Your spell library contained the following spells:

 Spells                   Type           Power      Damage    Failure   Level
 Lee's Rapid Deconstruct  Erth           17%        3d11*     2%          5
 Foxfire                  Conj/Fire      100%       2x1d9     1%          1
 Cigotuvi's Dreadful Rot  Necr/Pois/Air  74%        N/A       1%          2
 Lesser Beckoning         Tloc           70%        N/A       1%          2
 Gell's Gravitas          Tloc           35%        N/A       1%          3
 Vhi's Electric Charge    Tloc/Air       76%        N/A       2%          4
 Fireball                 Conj/Fire      18%        3d9       2%          5
 Cause Fear               Hex            17%        N/A       3%          4
 Dispel Undead            Necr           35%        3d15      3%          4
 Plasma Beam              Fire/Air       19%        2x1d30    11%         6
 Starburst                Conj/Fire      18%        6d7       13%         6
 Death Channel            Necr           17%        N/A       50%         6
 Maxwell's Capacitive Co  Air            20%        ∞         94%         8
 Ignition                 Fire           17%        3d7       99%         8
 Discord                  Hex            17%        N/A       100%        8
 Disjunction              Tloc           17%        N/A       100%        8
 Dragon's Call            Summ           17%        N/A       100%        9


Dungeon Overview and Level Annotations

Branches:
Dungeon (11/15)            Temple (1/1) D:6            Lair (5/5) D:10
  Swamp (0/4) Lair:3       Spider (0/4) Lair:3        Slime (0/5) Lair:5
    Orc (2/2) D:11        Ossuary (visited)
    Elf: Orc:2

Altars:
Ashenzari
Cheibriados
Dithmenos
Elyvilon
Fedhas
Gozag
Hepliaklqana
Kikubaaqudgha
Makhleb
Nemelex Xobeh
Okawaru
Qazlal
Ru
Sif Muna
Trog
Uskayaw
Vehumet
Wu Jian
Xom
Yredelemnul
Zin
The Shining One
Jiyva

Shops:
D:9 *   D:10 :

Annotations:
Lair:1 2 transporters, Runia's ghost, journeyman MfIE
Lair:3 1 runed translucent door, PowderKeg's ghost, journeyman HOFi
Orc:2 Jorgrun


Innate Abilities, Weirdness & Mutations

You have very sharp teeth.
Your uncanny sense of smell can sniff out nearby items.
Your experience applies equally to all skills.


Message History

Jorgrun gestures at you while chanting.
You struggle to resist.
You shoot an arrow. The arrow hits Jorgrun.
Jorgrun is severely wounded.
Jorgrun says, "I've ne'er se'n tha particular type o' rock formation 'fore."
Jorgrun casts a spell at you.
You are slowing down.
You shoot an arrow. The arrow hits Jorgrun!
Jorgrun is severely wounded.
Jorgrun gestures at you while chanting.
Roots burst forth from the earth!
The grasping roots grab you!
The grasping roots constrict you! x2; You have turned to stone.
Jorgrun gestures at you while chanting. The grasping roots constrict you.
An orc warrior comes into view. It is wielding a +0 short sword.
The grasping roots constrict you! The grasping roots constrict you.
An orc wizard comes into view. It is wielding a +0 dagger.
Jorgrun hits you with a +0 heavy quarterstaff!!
The grasping roots constrict you!
The ogre hits you with a +0 giant spiked club!
The orc warrior shouts!
You hear a shout!
Jorgrun casts a spell next to you.
The wall shatters!
The blast of rock fragments hits you!! The grasping roots constrict you!
The ogre hits you with a +0 giant spiked club!
Jorgrun hits you with a +0 heavy quarterstaff.
The grasping roots constrict you!!
* * * LOW HITPOINT WARNING * * *
The ogre hits you with a +0 giant spiked club!!
* * * LOW HITPOINT WARNING * * *
The grasping roots release their grip on you.
An orc comes into view. It is wielding a +0 flail.
Jorgrun casts a spell at you. The iron shot hits you!!
* * * LOW HITPOINT WARNING * * *
The ogre hits you with a +0 giant spiked club!!
You die...

#........####.....
...###...........##......
.................###....^
.....#.....#<....##......
.o.........#.............
..........####........##.
##...o....###.......#####
.......O.##.#........## #
((.....g@.............# #
(<.....o............... #
.....#.................
...# #..........#......
.. ##.........##.#... ∆ .
#..........###...
#...........# .# ∆
#..........#.


You could see Jorgrun, an orc warrior, an ogre, an orc wizard and an orc.

Vanquished Creatures
  Fannar (D:10)
  5 hydras
  A two-headed ogre (D:11)
  2 catoblepae
  A deep troll shaman (Lair:5)
  6 death yaks
  4 skysharks
  An orb spider (Lair:3)
  An orc knight (D:11)
  A cyclops (D:11)
  14 elephants
  2 black mambas
  13 cane toads
  A gargoyle (D:10)
  13 komodo dragons
  4 rime drakes
  3 trolls
  3 polar bears (Lair:5)
  19 blink frogs
  A slime creature (Lair:5)
  2 shadows
  20 yaks
  4 wyverns
  A wraith (D:9)
  A basilisk (Lair:2)
  A steam dragon (D:7)
  5 vampire mosquitoes (D:10)
  2 wargs (Orc:1)
  3 swamp worms (Lair:3)
  11 water moccasins
  10 orc warriors
  A black bear (Lair:5)
  A sky beast (D:4)
  An ice beast (D:6)
  24 wolves
  4 ogres
  11 centaurs
  A phantom (D:4)
  3 kobold brigands
  9 bullfrogs
  3 gnoll sergeants
  4 scorpions
  13 wights
  20 killer bees
  3 howler monkeys
  An electric eel (Lair:2)
  6 hounds
  9 orc priests
  3 gnoll boudas
  4 jellies
  5 iguanas
  A sleepcap (D:6)
  7 hell rats
  Ijyb (D:3)
  Terence (D:3)
  8 orc wizards
  9 mummies
  Robin (D:3)
  22 gnolls
  5 adders
  A shadow imp (D:5)
  2 white imps
  A worm (D:4)
  A dart slug (D:1)
  44 orcs
  4 ball pythons
  4 endoplasms
  2 giant cockroaches (D:1)
  16 goblins
  7 hobgoblins
  2 quokkas (D:1)
  4 bats
  A frilled lizard (D:1)
  A gnoll zombie (Ossuary)
  2 hobgoblin zombies (Ossuary)
  20 kobolds
  3 kobold zombies (Ossuary)
  2 orc zombies (Ossuary)
  5 rats
  A butterfly (Lair:2)
460 creatures vanquished.

Vanquished Creatures (others)
  12 ball lightnings (D:11)
12 creatures vanquished.

Grand Total: 472 creatures vanquished

Notes
Turn   | Place    | Note
-------+----------+-------------------------------------------
     0 | D:1      | promet the Gnoll Air Elementalist began the quest for the
                  | Orb.
     0 | D:1      | Reached XP level 1. HP: 13/13 MP: 6/6
   279 | D:1      | Reached XP level 2. HP: 19/19 MP: 4/7
   555 | D:1      | Learned a level 2 spell: Static Discharge
   851 | D:1      | Reached skill level 5 in Spellcasting
   851 | D:1      | Reached XP level 3. HP: 25/25 MP: 6/9
  1426 | D:2      | Found an ornate altar of the Wu Jian Council.
  1511 | D:2      | Reached skill level 1 in Invocations
  1836 | D:3      | Noticed Robin
  1840 | D:2      | Reached skill level 1 in Fighting
  1840 | D:2      | Reached skill level 1 in Short Blades
  1840 | D:2      | Reached skill level 1 in Long Blades
  1840 | D:2      | Reached skill level 1 in Axes
  1840 | D:2      | Reached skill level 1 in Maces & Flails
  1840 | D:2      | Reached skill level 1 in Polearms
  1840 | D:2      | Reached skill level 1 in Staves
  1840 | D:2      | Reached skill level 1 in Ranged Weapons
  1840 | D:2      | Reached skill level 1 in Throwing
  1840 | D:2      | Reached skill level 1 in Armour
  1840 | D:2      | Reached skill level 1 in Shields
  1840 | D:2      | Reached skill level 1 in Unarmed Combat
  1840 | D:2      | Reached skill level 1 in Evocations
  1944 | D:3      | Noticed Terence
  1951 | D:3      | Killed Terence
  1952 | D:3      | Reached skill level 1 in Shapeshifting
  1952 | D:3      | Reached XP level 4. HP: 4/32 MP: 6/11
  2346 | D:3      | Reached skill level 1 in Hexes
  2346 | D:3      | Reached skill level 1 in Summonings
  2346 | D:3      | Reached skill level 1 in Necromancy
  2346 | D:3      | Reached skill level 1 in Translocations
  2346 | D:3      | Reached skill level 1 in Transmutations
  2346 | D:3      | Reached skill level 1 in Fire Magic
  2346 | D:3      | Reached skill level 1 in Ice Magic
  2346 | D:3      | Reached skill level 1 in Earth Magic
  2346 | D:3      | Reached skill level 1 in Poison Magic
  2356 | D:3      | Killed Robin
  2357 | D:3      | Reached XP level 5. HP: 37/37 MP: 7/12
  2903 | D:3      | Noticed Ijyb
  3280 | D:3      | Killed Ijyb
  3432 | D:4      | Noticed a phantom
  3528 | D:4      | Killed a phantom
  3529 | D:4      | Reached skill level 5 in Dodging
  3529 | D:4      | Reached XP level 6. HP: 33/44 MP: 4/14
  3759 | D:4      | Learned a level 3 spell: Swiftness
  3764 | D:4      | Learned a level 4 spell: Airstrike
  3768 | D:4      | Learned a level 3 spell: Ignite Poison
  3810 | D:4      | Noticed a sky beast
  4854 | D:4      | Reached XP level 7. HP: 50/50 MP: 15/15
  5410 | D:4      | Reached skill level 5 in Stealth
  5965 | D:5      | Entered Level 5 of the Dungeon
  5967 | D:5      | Found a hide-covered altar of Uskayaw.
  5977 | D:5      | Found a shadowy altar of Dithmenos.
  6236 | D:5      | Reached XP level 8. HP: 50/57 MP: 8/16
  7988 | D:6      | Found an opulent altar of Gozag.
  8615 | D:6      | Identified the +0 leather armour of the Iron Devil {rElec
                  | rN+ Stlth-}
  9429 | D:6      | Found a staircase to the Ecumenical Temple.
  9481 | D:6      | Reached XP level 9. HP: 38/65 MP: 13/18
  9764 | D:6      | Upgraded the game from 0.31-a0-925-g0a390f2509 to
                  | 0.31-a0-931-g7b59d4eb97
 10583 | Temple   | Entered the Ecumenical Temple
 10737 | Temple   | Became a worshipper of Vehumet
 11396 | D:7      | Found a sand-covered staircase.
 11407 | Ossuary  | Entered an ossuary
 12101 | Ossuary  | Reached * piety under Vehumet
 12101 | Ossuary  | Offered knowledge of Kiss of Death by Vehumet.
 12106 | Ossuary  | Learned a level 3 spell: Teleport Other
 13214 | D:7      | Reached skill level 5 in Invocations
 15390 | D:8      | Reached XP level 10. HP: 31/73 MP: 17/20
 15911 | D:7      | Reached skill level 5 in Fighting
 15911 | D:7      | Reached skill level 5 in Short Blades
 15911 | D:7      | Reached skill level 5 in Long Blades
 15911 | D:7      | Reached skill level 5 in Axes
 15911 | D:7      | Reached skill level 5 in Maces & Flails
 15911 | D:7      | Reached skill level 5 in Polearms
 15911 | D:7      | Reached skill level 5 in Staves
 15911 | D:7      | Reached skill level 5 in Ranged Weapons
 15911 | D:7      | Reached skill level 5 in Throwing
 15911 | D:7      | Reached skill level 5 in Armour
 15911 | D:7      | Reached skill level 5 in Shields
 15911 | D:7      | Reached skill level 5 in Unarmed Combat
 15911 | D:7      | Reached skill level 5 in Evocations
 17057 | D:9      | Found Fusevo's Assorted Antiques.
 17108 | D:9      | Bought a scroll of teleportation for 60 gold pieces
 17108 | D:9      | Bought a scroll of teleportation for 60 gold pieces
 17108 | D:9      | Bought a faintly glowing longbow for 230 gold pieces
 17108 | D:9      | Identified the +11 longbow "promet's Peril" {elec, rC+ rN+
                  | Dex+3} (You bought it in a shop on level 9 of the Dungeon)
 17108 | D:9      | Bought a potion of heal wounds for 100 gold pieces
 17137 | D:9      | Found a sparkling altar of Nemelex Xobeh.
 17183 | D:9      | Reached skill level 5 in Conjurations
 17196 | D:9      | Offered knowledge of Magic Dart by Vehumet.
 17198 | D:9      | Reached ** piety under Vehumet
 17755 | D:9      | Found a blossoming altar of Fedhas.
 17809 | D:10     | Entered Level 10 of the Dungeon
 18102 | D:10     | Reached skill level 5 in Shapeshifting
 18705 | D:10     | Offered knowledge of Inner Flame by Vehumet.
 19001 | D:10     | Noticed Fannar
 19013 | D:10     | Killed Fannar
 19014 | D:10     | Reached skill level 5 in Hexes
 19014 | D:10     | Reached skill level 5 in Summonings
 19014 | D:10     | Reached skill level 5 in Necromancy
 19014 | D:10     | Reached skill level 5 in Translocations
 19014 | D:10     | Reached skill level 5 in Transmutations
 19014 | D:10     | Reached skill level 5 in Fire Magic
 19014 | D:10     | Reached skill level 5 in Ice Magic
 19014 | D:10     | Reached skill level 5 in Earth Magic
 19014 | D:10     | Reached skill level 5 in Poison Magic
 19014 | D:10     | Reached XP level 11. HP: 81/81 MP: 15/22
 19151 | D:10     | Found an ornate altar of the Wu Jian Council.
 19940 | D:10     | Found Vuvon's Book Shop.
 20017 | D:10     | Reached *** piety under Vehumet
 20168 | D:10     | Learned a level 4 spell: Sticky Flame
 20467 | D:10     | Found a staircase to the Lair.
 20520 | D:14     | Identified the of Bijewiar
 20520 | D:14     | Identified the "Ulerexabb"
 20520 | D:14     | Identified the "Zigif"
 20520 | D:14     | Identified the "Eniti"
 20520 | Lair:1   | Identified the of Onitop
 20520 | Lair:1   | Entered Level 1 of the Lair of Beasts
 21428 | Lair:1   | Offered knowledge of Frozen Ramparts by Vehumet.
 21663 | Lair:1   | Found a glowing golden altar of the Shining One.
 22090 | Lair:1   | Found a transporter.
 22090 | Lair:1   | Noticed Runia's ghost (journeyman MfIE)
 22108 | Lair:1   | Found a transporter.
 22496 | Lair:2   | Noticed a catoblepas
 23522 | Lair:2   | Reached XP level 12. HP: 82/84 MP: 21/24
 23634 | Lair:2   | Reached **** piety under Vehumet
 23759 | Lair:2   | Offered knowledge of Hailstorm by Vehumet.
 24126 | Lair:2   | Learned a level 3 spell: Hailstorm
 24825 | Lair:2   | Killed a catoblepas
 25980 | Lair:3   | Identified a scroll of acquirement
 25981 | Lair:3   | Acquired 371 gold pieces
 26173 | Lair:3   | Noticed a seven-headed hydra
 26197 | Lair:3   | Killed a seven-headed hydra
 26843 | Lair:3   | Found a runed translucent door.
 26848 | Lair:3   | Noticed PowderKeg's ghost (journeyman HOFi)
 27029 | Lair:3   | Noticed an eight-headed hydra
 27041 | Lair:3   | Killed an eight-headed hydra
 27370 | Lair:3   | Found a staircase to the Swamp.
 27680 | Lair:3   | Reached XP level 13. HP: 79/98 MP: 17/26
 28030 | Lair:3   | Found a hole to the Spider Nest.
 28742 | Lair:4   | Learned a level 5 spell: Arcjolt
 28789 | Lair:4   | You fall into a shaft and drop 1 floor!
 28789 | Lair:5   | Entered Level 5 of the Lair of Beasts
 31592 | Lair:5   | Reached skill level 10 in Spellcasting
 32173 | Lair:5   | Found a staircase to the Slime Pits.
 32192 | Lair:5   | Found a viscous altar of Jiyva.
 33007 | Lair:5   | Reached skill level 10 in Dodging
 34670 | Lair:5   | Reached XP level 14. HP: 105/106 MP: 28/28
 34875 | Lair:5   | Reached skill level 10 in Stealth
 35533 | Lair:5   | Reached skill level 10 in Invocations
 36686 | D:11     | Reached ***** piety under Vehumet
 36894 | D:11     | Offered knowledge of Lee's Rapid Deconstruction by Vehumet.
 36902 | D:11     | Learned a level 6 spell: Conjure Ball Lightning
 37065 | D:11     | Found a staircase to the Orcish Mines.
 38185 | Orc:1    | Entered Level 1 of the Orcish Mines
 38534 | Orc:2    | Entered Level 2 of the Orcish Mines
 38713 | Orc:2    | Noticed Jorgrun
 38729 | Orc:2    | Mangled by an ogre

Illustrated notes

Levels and vault maps discovered:
D:1:      dpeg_arrival_line_fractal, layout_loops_ring, minmay_tripent
D:2:      layout_rooms, basic_altar
D:3:      layout_loops_cross, uniq_terence, uniq_robin, uniq_ijyb
D:4:      layout_basic, nrook_mini_backslash, serial_bayou_pond_d
D:5:      layout_loops_corners, lemuel_crystal_altar,
          grunt_dithmenos_smoke_and_mirrors, nicolae_figureground_pulse
D:6:      layout_layer_cave, mainiacjoe_overflow_six_doors_small,
          minmay_temple_entry_offerings
D:7:      layout_loops_ring, gup_ossuary_entry_pyramid
D:8:      layout_basic
D:9:      layout_roguey, fedhas_altar_4, nemelex_altar_shiori, serial_shops,
          kennysheep_mini_moat, dreamdust_gnoll_shepherd
D:10:     layout_long_grid, nicolae_wu_jian_immortal_techniques,
          david_lair_shrubbed, serial_shops, nicolae_book_shop_shelving,
          uniq_fannar
D:11:     layout_long_grid, orc_david_3
Temple:   nicolae_temple_slightly_damp_pantheon
Lair:1:   layout_big_grid, gammafunk_ghost_arena, lemuel_centaur_altar
Lair:2:   layout_gridlike, serial_bayou_pond_b, lemuel_fruit_fields
Lair:3:   layout_loops_ring, palyth_hydra_swamp_entry,
          nicolae_spider_entry_orb_guardian, ebering_ghost_reflecting_pool
Lair:4:   layout_cave_pods, infiniplex_staircase_pool_2
Lair:5:   grunt_lair_end_beastmaster, layout_regular_city,
          minmay_slime_entry_pillars, grunt_megastairs_5
Orc:1:    layout_caves, basic_altar, serial_shops, nicolae_shop_waterfront,
          guppyfry_orc_lava_fort, uniq_harold, uniq_urug
Orc:2:    st_orc_pillars, layout_diamond_mine, nicolae_orc_sculptors_studio,
          nicolae_orc_damp_corner, uniq_sonja, uniq_jorgrun

Skill      XL: |  1  2  3  4  5  6  7  8  9 10 11 12 13 14 |
---------------+-------------------------------------------+-----
Conjurations   | 2 3 4 5 6 7 8 |  8.1
Spellcasting   | 5 6 7 8 9 10 | 10.6
Invocations    | 1 2 3 4 5 6 7 8 9 10 | 10.2
Fighting       | 1 2 3 4 6 8 9 |  9.3
Short Blades   | 1 2 3 4 6 8 9 |  9.3
Long Blades    | 1 2 3 4 6 8 9 |  9.3
Axes           | 1 2 3 4 6 8 9 |  9.3
Maces & Flails | 1 2 3 4 6 8 9 |  9.3
Polearms       | 1 2 3 4 6 8 9 |  9.3
Staves         | 1 2 3 4 6 8 9 |  9.3
Ranged Weapons | 1 2 3 4 6 8 9 |  9.3
Throwing       | 1 2 3 4 6 8 9 |  9.3
Armour         | 1 2 3 4 6 8 9 |  9.3
Shields        | 1 2 3 4 6 8 9 |  9.3
Unarmed Combat | 1 2 3 4 6 8 9 |  9.3
Evocations     | 1 2 3 4 6 8 9 |  9.3
Shapeshifting  | 1 2 3 4 5 6 7 8 |  8.5
Hexes          | 1 2 3 4 5 6 7 |  7.8
Summonings     | 1 2 3 4 5 6 7 |  7.8
Necromancy     | 1 2 3 4 5 6 7 |  7.8
Translocations | 1 2 3 4 5 6 7 |  7.8
Transmutations | 1 2 3 4 5 6 7 |  7.8
Fire Magic     | 1 2 3 4 5 6 7 |  7.8
Ice Magic      | 1 2 3 4 5 6 7 |  7.8
Earth Magic    | 1 2 3 4 5 6 7 |  7.8
Poison Magic   | 1 2 3 4 5 6 7 |  7.8
Dodging        | 5 6 7 8 9 10 | 10.4
Stealth        | 5 6 7 8 9 10 | 10.3
Air Magic      | 6 7 8 9 |  9.6

Action                     |  1- 3 |  4- 6 |  7- 9 | 10-12 | 13-15 || total
---------------------------+-------+-------+-------+-------+-------++-------
  Melee: Whip              |    43 |       |       |       |       ||    43
         Bite              |     4 |     4 |    10 |    20 |    35 ||    73
         Trident           |       |    28 |     1 |     1 |     2 ||    32
         Dagger            |       |     3 |    11 |       |       ||    14
         Punch             |       |     1 |     8 |     7 |    15 ||    31
         Demon blade       |       |       |   107 |   139 |   131 ||   377
         Short sword       |       |       |     4 |     6 |     3 ||    13
         Battleaxe         |       |       |       |    14 |       ||    14
         Halberd           |       |       |       |     9 |       ||     9
         Spear             |       |       |       |     3 |       ||     3
         Demon trident     |       |       |       |       |    10 ||    10
         Morningstar       |       |       |       |       |     2 ||     2
   Fire: Sling             |       |    12 |       |       |       ||    12
         Orcbow            |       |       |   135 |     5 |       ||   140
         Longbow           |       |       |       |   176 |   177 ||   353
  Throw: Dart              |     1 |     2 |    16 |    11 |    29 ||    59
         Stone             |       |       |     1 |       |       ||     1
   Cast: Shock             |    25 |    44 |   152 |    36 |    30 ||   287
         Static Discharge  |     7 |    17 |    33 |    47 |    11 ||   115
         Airstrike         |       |       |     4 |    46 |    26 ||    76
         Swiftness         |       |       |     1 |       |       ||     1
         Ignite Poison     |       |       |    15 |    28 |    44 ||    87
         Sticky Flame      |       |       |       |    19 |    17 ||    36
         Hailstorm         |       |       |       |     7 |    16 ||    23
         Teleport Other    |       |       |       |     1 |       ||     1
         Arcjolt           |       |       |       |       |    12 ||    12
         Conjure Ball Ligh |       |       |       |       |     4 ||     4
  Evoke: Wand              |       |       |     1 |     1 |       ||     2
         Condenser vane    |       |       |       |       |     1 ||     1
    Use: Scroll            |    10 |       |    11 |     9 |     8 ||    38
         Potion            |       |       |     3 |     4 |     1 ||     8
   Stab: Sleeping          |     4 |     2 |     4 |     1 |       ||    11
         Invisible         |       |       |       |     2 |       ||     2
         Distracted        |       |       |       |       |     1 ||     1
 Armour: Robe              |    30 |    19 |    30 |    98 |    89 ||   266
         Leather armour    |       |       |    91 |   132 |    75 ||   298
  Dodge: Dodged            |    33 |    22 |    95 |   279 |   157 ||   586
  Block: Other             |       |    12 |    30 |    87 |    56 ||   185
         Reflection        |       |     1 |     3 |     3 |       ||     7

Table legend: (Time is in decaauts)
 A = Elapsed time spent in this place.
 B = Non-inter-level travel time spent in this place.
 C = Inter-level travel time spent in this place.
 D = Time resting spent in this place.
 E = Time spent auto-exploring this place.
 F = Levels seen in this place.
 G = Mean time per level.
                   A        B        C        D        E       F      G
               +--------+--------+--------+--------+--------+-----+--------+
         Total |  38823 |  37874 |    949 |  18162 |   4483 |  20 | 1941.2 |
       Dungeon |  21091 |  20396 |    695 |   8965 |   2864 |  11 | 1917.4 |
        Temple |    190 |    190 |      0 |      0 |      0 |   1 |  190.0 |
          Lair |  15895 |  15641 |    254 |   8575 |   1573 |   5 | 3179.0 |
  Orcish Mines |    548 |    548 |      0 |      0 |     46 |   2 |  274.0 |
       Ossuary |   1096 |   1096 |      0 |    622 |      0 |   1 | 1096.0 |
               +--------+--------+--------+--------+--------+-----+--------+

Top non-repeatable levels by time:
  Lair:5: 4582 daAuts
     D:6: 3946 daAuts
  Lair:4: 3535 daAuts
    D:10: 3128 daAuts
  Lair:1: 2812 daAuts
  Lair:3: 2780 daAuts
     D:4: 2209 daAuts
  Lair:2: 2184 daAuts
     D:7: 1848 daAuts
     D:8: 1781 daAuts
     D:3: 1657 daAuts
     D:5: 1614 daAuts
     D:9: 1413 daAuts
    D:11: 1387 daAuts
     D:1: 1202 daAuts
